 Dungeon Crawl Stone Soup version 0.23.2-11-gf996548c65 (webtiles) character file.

Game seed: 14188644562629826786

60 MalarOregon the Skirmisher (level 4, -7/39 (40) HPs)
             Began as a Ghoul Monk on June 4, 2019.
             Mangled by a worm (9 damage)
             ... on level 2 of the Dungeon.
             The game lasted 00:02:04 (1872 turns).

MalarOregon the Skirmisher (Ghoul Monk)             Turns: 1872, Time: 00:02:04

HP:   -7/39 (40)    AC:  2    Str: 14    XL:     4   Next: 4%
MP:   3/3           EV: 13    Int:  6    God:
Gold: 114           SH:  0    Dex: 11    Spells: 3/3 levels left

rFire    . . .     SeeInvis .   g - +0 short sword (venom)
rCold    + . .     Gourm    .   (no shield)
rNeg     + + +     Faith    .   b - +0 robe
rPois    ∞         Spirit   .   (no helmet)
rElec    .         Reflect  .   (no cloak)
rCorr    .         Harm     .   (no gloves)
MR       .....                  (no boots)
Stlth    ++........             (no amulet)
HPRegen  0.00/turn              (no ring)
MPRegen  0.08/turn              (no ring)

@: rotting
A: rotting body, claws 1, carnivore, cold resistance 1, negative energy
resistance 3, inhibited regeneration, torment resistance, unbreathing
a: no special abilities


You were on level 2 of the Dungeon.
You were not hungry.

You visited 1 branch of the dungeon, and saw 2 of its levels.

You collected 114 gold pieces.

Inventory:

Hand Weapons
 a - a +0 mace
 g - a +0 short sword of venom (weapon)
   (You took it off a kobold on level 1 of the Dungeon)
Armour
 b - a +0 robe (worn)
Jewellery
 d - an uncursed ring of protection from magic {unknown}
   (You found it on level 1 of the Dungeon)
Scrolls
 c - 3 scrolls of remove curse {unknown}
 f - a scroll of identify {unknown}
 h - a scroll of teleportation {unknown}
Comestibles
 e - 2 rations {!d}


   Skills:
 + Level 3.9 Fighting
 + Level 3.1 Maces & Flails
 + Level 3.2 Dodging
 + Level 3.1 Stealth


You had 3 spell levels left.
You didn't know any spells.
Your spell library was empty.

Dungeon Overview and Level Annotations

Branches:
Dungeon (2/15)

Altars:


Innate Abilities, Weirdness & Mutations

Your body is rotting away.
You thrive on raw meat.
You are immune to poison.
You have sharp fingernails.
You are carnivorous and can eat meat at any time.
Your flesh is cold resistant. (rC+)
You are immune to negative energy. (rN+++)
You do not regenerate when monsters are visible.
You are immune to unholy pain and torment.
You can survive without breathing.


Message History

There are monsters nearby!
You barely miss the bat. The bat closely misses you.
You feel your flesh rotting away. The bat closely misses you. The bat hits you.
The bat barely misses you.
You see here 3 gold pieces.
You completely miss the bat. The bat misses you.
The bat hits you but does no damage. The bat hits you.
You closely miss the bat. The bat hits you.
You thump the worm! The bat hits you but does no damage. The worm bites you!
You hit the worm. The bat barely misses you.
You hit the worm. The bat hits you but does no damage. The worm bites you.
You hit the worm. The bat barely misses you. The bat closely misses you.
The worm bites you.
* * * LOW HITPOINT WARNING * * *
You are too injured to fight recklessly!
Wield which item (- for none, * to show all)? (? for menu, Esc to quit)
Your +0 short sword of venom begins to drip with poison!
g - a +0 short sword of venom (weapon)
The bat hits you.
* * * LOW HITPOINT WARNING * * *
The bat misses you.
You hit the worm.
The worm is poisoned.
The bat hits you but does no damage. The worm bites you!
* * * LOW HITPOINT WARNING * * *
The bat barely misses you. The bat misses you.
You see here 16 arrows.
The bat barely misses you. The bat hits you but does no damage.
The bat hits you.
* * * LOW HITPOINT WARNING * * *
The bat closely misses you. The bat barely misses you.
Okay, then.
The bat closely misses you.
You completely miss the bat. The bat barely misses you.
You miss the bat. The bat barely misses you.
You barely miss the bat.
The worm looks more healthy.
The bat hits you but does no damage. The bat barely misses you.
You barely miss the bat. The bat misses you. The bat hits you.
* * * LOW HITPOINT WARNING * * *
You hit the bat. The bat barely misses you.
You miss the bat. The bat hits you but does no damage.
You hit the bat.
You kill the bat!
You hit the worm.
The worm is poisoned.
The worm bites you!
You die...

# ##### ######### #...#####
#........ #....w@.#
#.####### #..(###.# #.# #
####.####.# #####.#
..###..$....#.###...#[#
#.......?...#.##......# ##
#####.......#.#.......## #.
..........#..........#####.
####.......#<...#...........
........##.........######


You could see a worm.

Vanquished Creatures
  3 gnolls (D:2)
  2 dart slugs (D:1)
  A leopard gecko (D:1)
  A giant cockroach (D:1)
  2 goblins
  3 hobgoblins (D:1)
  3 bats
  2 frilled lizards
  7 kobolds
  5 rats (D:1)
29 creatures vanquished.

Notes
Turn   | Place    | Note
-------+----------+-------------------------------------------
     0 | D:1      | MalarOregon the Ghoul Monk began the quest for the Orb.
     0 | D:1      | Reached XP level 1. HP: 19/19 MP: 0/0
   128 | D:1      | Reached XP level 2. HP: 24/26 MP: 1/1
  1353 | D:1      | Reached XP level 3. HP: 30/33 MP: 2/2
  1574 | D:2      | Reached XP level 4. HP: 24/40 MP: 3/3
  1872 | D:2      | Mangled by a worm

Skill      XL: |  1  2  3 |
---------------+----------+-----
Dodging        | 3 |  3.2
Maces & Flails | 3 |  3.1
Stealth        | 3 |  3.1
Fighting       | |  3.9

Action                   |  1- 3 |  4- 6 || total
-------------------------+-------+-------++-------
Melee: Mace              |    83 |    15 ||    98
       Short sword       |    10 |     9 ||    19
 Stab: Sleeping          |     6 |       ||     6
  Eat: Chunk             |     6 |       ||     6
Armor: Robe              |    16 |     8 ||    24
Dodge: Dodged            |   102 |    25 ||   127
